 Dungeon Crawl Stone Soup version 0.19.1-1-g22dce08 (webtiles) character file.

163 Kiturien the Covered (level 5, -1/32 HPs)
             Began as a Tengu Fighter on Jan 21, 2017.
             Slain by a worker ant zombie (5 damage)
             ... on level 3 of the Dungeon.
             The game lasted 00:06:12 (2352 turns).

Kiturien the Covered (Tengu Fighter)                Turns: 2352, Time: 00:06:12

Health: -1/32      AC:  8    Str: 22    XL:     5   Next: 44%
Magic:  6/6        EV:  8    Int:  8    God:
Gold:   64         SH: 10    Dex: 14    Spells: 0 memorised, 4 levels left

rFire  . . .     SeeInvis .     h - +0 dagger (drain)
rCold  . . .     Gourm    .     b - +0 scale mail
rNeg   . . .     Faith    .     c - +0 shield
rPois  .         Spirit   .     g - +0 hat
rElec  .         Reflect  .     l - +0 cloak (curse)
rCorr  .         Harm     .     (no gloves)
MR     .....                    (boots unavailable)
Stlth  +.........               s - amulet of rage
                                (no ring)
                                (no ring)

@: mighty
A: beak, talons 3, able to fly 1
a: Fly, Evoke Berserk Rage


You were on level 3 of the Dungeon.
You were not hungry.

You visited 1 branch of the dungeon, and saw 3 of its levels.

You collected 64 gold pieces.

Inventory:

Hand Weapons
 a - a +0 rapier
 h - a +0 dagger of draining (weapon)
Missiles
 j - 38 stones (quivered)
Armour
 b - a +0 scale mail (worn)
 c - a +0 shield (worn)
 g - a +0 hat (worn)
 l - a cursed +0 cloak (worn)
Jewellery
 e - an uncursed amulet of rage
 s - an amulet of rage (around neck)
Scrolls
 i - a scroll of remove curse {unknown}
 m - a scroll of fear {unknown}
 p - 2 scrolls of blinking {unknown}
 q - a scroll of identify {unknown}
 r - 2 scrolls of teleportation {unknown}
Potions
 n - a potion of cancellation
 t - a potion of resistance {unknown}
Comestibles
 f - a bread ration
 k - 6 fruits
 o - a meat ration


   Skills:
 + Level 3.4 Fighting
 + Level 3.2 Short Blades
 + Level 4.4 Armour
 + Level 1.0 Dodging
 * Level 1.6 Stealth
 + Level 3.7 Shields


You had 4 spell levels left.
You didn't know any spells.

Dungeon Overview and Level Annotations

Branches:
Dungeon (3/15)

Altars:
Fedhas
Yredelemnul


Innate Abilities, Weirdness & Mutations

You have a beak for a mouth.
You have claws for feet.
You can fly.


Message History

You block the worker ant zombie's attack.
You hit soukkis's ghost but do no damage.
Soukkis's ghost is almost destroyed.
Soukkis's ghost hits you.
* * * LOW HITPOINT WARNING * * *
The worker ant zombie barely misses you.
You barely miss soukkis's ghost.
Soukkis's ghost is almost destroyed.
Soukkis's ghost barely misses you.
You puncture soukkis's ghost!
You destroy soukkis's ghost!
Your Short Blades skill increases to level 3!
Your Dodging skill increases to level 1!
Your Stealth skill increases to level 1!
You have reached level 5!
You have gained the ability to fly.
You block the worker ant zombie's attack.
You fail to use your ability.
The hound zombie misses you. The worker ant zombie bites you.
You die...

.###.....####..#
.# #..#..# #..#
<# ##....## #..#
.# ##....###..#
.# #.........#
.## ##...###.##
# Z ..## ##.##
#.#### .#W. ...#
#.# #....# ...PP
##.# #.#
#.##@#....P. #.#
#.# #...ZZ..?...
#.# #.#
#..........#
##.### #.#
#..8..#...##
.....# #.#
#.....##<##
.....# #.#
#.....# $#
.....# ##..### #
.....# ##.
.....# #.


You could see a hound zombie and a worker ant zombie.

Vanquished Creatures
  The ghost of soukkis the Chiller, an amateur GrIE of Hepliaklqana (D:3)
  A worker ant zombie (D:3)
  An adder (D:2)
  An ooze (D:1)
  2 ball pythons
  2 giant cockroaches
  2 gnoll zombies (D:3)
  4 goblins
  5 hobgoblins
  8 jackals
  4 bats
  2 frilled lizards (D:2)
  2 kobolds
  A quokka zombie (D:3)
  3 rats
  A plant (D:2)
40 creatures vanquished.

Notes
Turn   | Place    | Note
-------+----------+-------------------------------------------
     0 | D:1      | Kiturien the Tengu Fighter began the quest for the Orb.
     0 | D:1      | Reached XP level 1. HP: 14/14 MP: 2/2
   338 | D:1      | Reached XP level 2. HP: 18/19 MP: 3/3
   607 | D:1      | Reached XP level 3. HP: 20/23 MP: 4/4
  1167 | D:2      | Reached skill level 4 in Armour
  1272 | D:2      | Found a blossoming altar of Fedhas.
  2126 | D:3      | Found a basalt altar of Yredelemnul.
  2174 | D:3      | Reached XP level 4. HP: 18/28 MP: 5/5
  2302 | D:3      | Noticed soukkis's ghost (amateur GrIE)
  2351 | D:3      | Killed soukkis's ghost
  2351 | D:3      | Reached skill level 1 in Dodging
  2351 | D:3      | Reached skill level 1 in Stealth
  2351 | D:3      | Gained mutation: You can fly. [Tengu growth]
  2351 | D:3      | Reached XP level 5. HP: 4/32 MP: 6/6
  2352 | D:3      | Slain by a worker ant zombie

Skill      XL: |  1  2  3  4 |
---------------+-------------+-----
Armour         | 4 |  4.4
Short Blades   | 3 |  3.2
Dodging        | 1 |  1.0
Stealth        | 1 |  1.6
Fighting       | |  3.4
Shields        | |  3.7

Action                   |  1- 3 |  4- 6 || total
-------------------------+-------+-------++-------
Melee: Rapier            |    18 |       ||    18
       Dagger            |   200 |    37 ||   237
       Kick              |    83 |    14 ||    97
       Peck              |    52 |     5 ||    57
  Use: Potion            |     1 |     1 ||     2
  Eat: Bread ration      |     1 |       ||     1
       Fruit             |     1 |       ||     1
Armor: Scale mail        |    44 |    20 ||    64
Dodge: Dodged            |    43 |    13 ||    56
Block: Shield            |    57 |    22 ||    79
